 Dungeon Crawl Stone Soup version 0.20.1-1-g8b1a95d (webtiles) character file.

445 tmwrnj the Chopper (level 7, -3/61 HPs)
             Began as a Hill Orc Fighter on July 23, 2017.
             Was an Initiate of Beogh.
             Slain by an ogre
             ... wielding a +0 giant spiked club
              (29 damage)
             ... on level 4 of the Dungeon.
             The game lasted 00:11:20 (3575 turns).

tmwrnj the Chopper (Hill Orc Fighter)               Turns: 3575, Time: 00:11:21

Health: -3/61      AC:  7    Str: 20    XL:     7   Next: 3%
Magic:  7/7        EV:  8    Int:  8    God:    Beogh [......]
Gold:   261        SH:  9    Dex: 11    Spells: 6/6 levels left

rFire    . . .     SeeInvis .   a - +0 war axe
rCold    . . .     Gourm    .   c - +0 shield
rNeg     . . .     Faith    .   b - +0 scale mail
rPois    .         Spirit   .   (no helmet)
rElec    .         Reflect  .   (no cloak)
rCorr    .         Harm     .   (no gloves)
MR       .....                  (no boots)
Stlth    ..........             (no amulet)
Regen    0.2/turn               (no ring)
MPRegen  0.1/turn               (no ring)

@: no status effects
A: no striking features
a: Renounce Religion


You were on level 4 of the Dungeon.
You worshipped Beogh.
Beogh was noncommittal.
You were not hungry.

You visited 1 branch of the dungeon, and saw 6 of its levels.

You collected 261 gold pieces.

Inventory:

Hand Weapons
 a - a +0 war axe (weapon)
Armour
 b - a +0 scale mail (worn)
 c - a +0 shield (worn)
 i - a cursed +0 scale mail
 w - a +0 chain mail
Jewellery
 e - an uncursed ring of see invisible {unknown}
 x - an uncursed ring of poison resistance {unknown}
 z - an uncursed ring of magical power {unknown}
Scrolls
 g - 3 scrolls of teleportation {unknown}
 j - 2 scrolls of fog {unknown}
 l - a scroll of identify {unknown}
 m - 2 scrolls of remove curse {unknown}
 p - 3 scrolls of enchant weapon {unknown}
 q - 2 scrolls of blinking {unknown}
 r - a scroll of enchant armour {unknown}
 u - a scroll of magic mapping {unknown}
 y - a scroll of immolation {unknown}
Potions
 d - 2 potions of might
 h - 4 potions of degeneration {unknown}
 k - 2 potions of lignification {unknown}
 n - a potion of ambrosia {unknown}
 v - 2 potions of curing
Comestibles
 f - 4 bread rations
 o - 6 fruits
 s - 5 meat rations
 t - 3 royal jellies


   Skills:
 + Level 5.0 Fighting
 + Level 6.1 Axes
 + Level 4.6 Armour
 + Level 1.0 Dodging
 + Level 0.3 Stealth
 + Level 4.8 Shields


You had 6 spell levels left.
You didn't know any spells.

Dungeon Overview and Level Annotations

Branches:
Dungeon (6/15)             Temple (0/1) D:4

Altars:
Cheibriados
Dithmenos
Elyvilon
Makhleb
Qazlal
Uskayaw
Yredelemnul
The Shining One

Annotations:
D:5 Pikel


Message History

The jackal completely misses you. Ijyb hits you but does no damage.
The jackal bites you but does no damage.
You touch Ijyb but do no damage.
Ijyb is almost dead.
Ijyb zaps a wand.
You resist with some effort. The jackal misses you.
You hit Ijyb!
You kill Ijyb!
Beogh accepts your kill.
You have reached level 7!
The jackal misses you.
You blink.
You blink.
Your transformation has ended.
Your +0 war axe unmelds from your body.
Your +0 shield unmelds from your body.
Your +0 scale mail unmelds from your body.
A hound zombie comes into view.
There is a stone staircase leading up, spattered with blood here.
You climb upwards.
The ogre hits you with a giant spiked club!!
You die...

#.# #.# #..##. #.# #.#
#..... #.# #<# #..### #.#
#.# #..# #.# #.# #### #.#
#.########################
##.#
#..(..........#..###A###..
...#
###.[.#######.#.#########.
.### #......@....#.###§.§#
#. .#
#.......O......##._.# #.
.# #...########.^.##§.§#
#. .# ##.## ###....##...#
#. .# #.# #......##§.§# #.
.######## #.#
#.#.>.[##...# #. ........#
#.#### #.##...###'####.
#######.# #o...#
#.##...#.....##. #.#
#o##.###....#.[........


You could see an ogre.

Vanquished Creatures
  Eustachio (D:6)
  A bullfrog skeleton (D:4)
  An orc wizard (D:4)
  Ijyb (D:5)
  A worker ant (D:4)
  4 adders
  8 gnolls (D:5)
  An adder zombie (D:5)
  4 worms (D:2)
  2 dart slugs (D:1)
  A leopard gecko (D:2)
  2 orcs
  6 bats
  2 giant cockroaches
  11 goblins
  6 hobgoblins
  3 jackals
  A quokka (D:2)
  A ball python (D:3)
  4 frilled lizards
  4 kobolds
  A leopard gecko skeleton (D:4)
  6 rats
72 creatures vanquished.

Vanquished Creatures (others)
  An ooze (D:4)
1 creature vanquished.

Grand Total: 73 creatures vanquished

Notes
Turn   | Place    | Note
-------+----------+-------------------------------------------
     0 | D:1      | tmwrnj the Hill Orc Fighter began the quest for the Orb.
     0 | D:1      | Reached XP level 1. HP: 19/19 MP: 1/1
    93 | D:1      | Reached XP level 2. HP: 19/27 MP: 2/2
   307 | D:1      | Reached skill level 3 in Axes
   460 | D:1      | Reached XP level 3. HP: 33/33 MP: 3/3
   654 | D:2      | Found a faded altar of an unknown god.
   831 | D:2      | Reached XP level 4. HP: 27/40 MP: 4/4
   988 | D:2      | Reached skill level 4 in Axes
  1475 | D:3      | Noticed a sky beast
  1680 | D:3      | Found a burning altar of Makhleb.
  2018 | D:4      | Reached XP level 5. HP: 40/47 MP: 5/5
  2037 | D:4      | Found a basalt altar of Yredelemnul.
  2039 | D:4      | Noticed a profane servitor
  2046 | D:4      | Found a glowing golden altar of the Shining One.
  2048 | D:4      | Noticed an angel
  2074 | D:5      | Entered Level 5 of the Dungeon
  2266 | D:4      | Reached skill level 5 in Axes
  2271 | D:4      | Became a worshipper of Beogh the Brigand
  2316 | D:4      | Found a staircase to the Ecumenical Temple.
  2413 | D:4      | Found a stormy altar of Qazlal.
  2443 | D:4      | Found a shadowy altar of Dithmenos.
  2491 | D:4      | Found a hide-covered altar of Uskayaw.
  2927 | D:5      | Found a white marble altar of Elyvilon.
  2952 | D:5      | Found a snail-covered altar of Cheibriados.
  2988 | D:5      | Noticed an ogre
  3009 | D:6      | Noticed Eustachio
  3046 | D:6      | Killed Eustachio
  3046 | D:6      | Reached XP level 6. HP: 26/53 MP: 6/6
  3140 | D:6      | Noticed an orc warrior
  3487 | D:5      | Noticed Ijyb
  3507 | D:5      | Reached skill level 6 in Axes
  3511 | D:5      | Reached skill level 1 in Dodging
  3521 | D:5      | Reached skill level 5 in Fighting
  3529 | D:5      | Noticed a slave
  3532 | D:5      | Noticed Pikel
  3535 | D:5      | Noticed a slave
  3538 | D:5      | Noticed a slave
  3538 | D:5      | Noticed a slave
  3562 | D:5      | Killed Ijyb
  3562 | D:5      | Reached XP level 7. HP: 23/61 MP: 7/7
  3575 | D:4      | Slain by an ogre

Skill      XL: |  1  2  3  4  5  6 |
---------------+-------------------+-----
Fighting       | 4 5 |  5.0
Axes           | 3 4 5 6 |  6.1
Shields        | 4 |  4.8
Armour         | 4 |  4.6
Dodging        | 1 |  1.0
Stealth        | |  0.3

Action                   |  1- 3 |  4- 6 |  7- 9 || total
-------------------------+-------+-------+-------++-------
Melee: War axe           |    92 |   179 |       ||   271
       Unarmed           |       |    15 |       ||    15
Invok: Convert to Beogh  |       |     1 |       ||     1
  Eat: Chunk             |       |     8 |       ||     8
       Fruit             |       |     1 |       ||     1
Armor: Scale mail        |    53 |   103 |       ||   156
       Skin              |       |    10 |       ||    10
Dodge: Dodged            |    27 |   128 |     1 ||   156
Block: Shield            |    54 |   108 |       ||   162
